 Dungeon Crawl Stone Soup version 0.31.0-11-ge490571c62 (webtiles) character file.

Game seed: 7415894635510074963

47 Arctor the Firebug (level 3, -10/19 HPs)
             Began as a Deep Elf Fire Elementalist on Feb 6, 2024.
             Mangled by Crazy Yiuf
             ... wielding a +3 quarterstaff of chaos
              (16 damage)
             ... on level 2 of the Dungeon.
             The game lasted 00:02:25 (2423 turns).

Arctor the Firebug (Deep Elf Fire Elementalist)     Turns: 2423, Time: 00:02:26

Health: -10/19     AC:  3    Str:  5    XL:     3   Next: 48%
Magic:  4/10       EV: 13    Int: 21    God:
Gold:   70         SH:  0    Dex: 15    Spells: 4/9 levels left

rFire   . . .        (no weapon)
rCold   . . .        (no shield)
rNeg    . . .        a - +0 robe
rPois   .            (no helmet)
rElec   .            j - +0 cloak
rCorr   .            (no gloves)
SInv    .            (no boots)
Will    .....        (no amulet)
Stlth   ++           (no ring)
HPRegen 0.23/turn    (no ring)
MPRegen 0.12/turn

%: no passive effects
@: weak-willed, jinxed
A: no striking features
a: no special abilities


You were on level 2 of the Dungeon.
You visited 1 branch of the dungeon, and saw 2 of its levels.

You collected 70 gold pieces.

Inventory:

Armour
 a - a +0 robe (worn)
 j - a +0 cloak (worn)
Magical Staves
 m - a staff of death
Jewellery
 d - a ring of ice
Wands
 l - a wand of digging (6)
Scrolls
 c - 2 scrolls of identify {unknown}
 e - a scroll of teleportation {unknown}
 f - 2 scrolls of fear {unknown}
 n - a scroll of blinking {unknown}
 o - a scroll of amnesia {unknown}
 p - a scroll of enchant armour {unknown}
 s - a scroll of butterflies {unknown}
Potions
 b - a potion of magic
 g - a potion of invisibility {unknown}
 h - a potion of attraction {unknown}
 i - 2 potions of curing {unknown}
 k - a potion of mutation {unknown}
 q - a potion of might {unknown}
 r - a potion of ambrosia {unknown}


   Skills:
 + Level 3.0 Dodging
 + Level 3.1 Stealth
 + Level 3.6 Spellcasting
 + Level 1.9 Conjurations
 + Level 3.7 Fire Magic


You had 4 spell levels left.
You knew the following spells:

 Your Spells              Type           Power      Damage    Failure   Level
a - Foxfire               Conj/Fire      60%        2x1d7     4%          1
b - Scorch                Fire           38%        2d6       4%          2
c - Jinxbite              Hex            6%         N/A       19%         2

Your spell library contained the following spells:

 Spells                   Type           Power      Damage    Failure   Level
 Apportation              Tloc           6%         N/A       13%         1
 Inner Flame              Hex/Fire       11%        N/A       17%         3
 Volatile Blastmotes      Fire/Tloc      22%        2d11      17%         3
 Flame Wave               Conj/Fire      15%        2d7       36%         4
 Alistair's Intoxication  Alch           2%         N/A       98%         5


Dungeon Overview and Level Annotations

Branches:
Dungeon (2/15)

Altars:
Xom

Annotations:
D:2 Crazy Yiuf


Message History

c - 2 scrolls labelled ZICIUCR EN SAIRECK (gained 1)
You see here a +0 club.
There is an escape hatch in the ceiling here.
Crazy Yiuf shouts!
You conjure some foxfire!
Your foxfire dissipates!
Crazy Yiuf laughs, "Two!"
Could not explore, unopened runed door.
You conjure some foxfire!
Crazy Yiuf says, "Ice blue snail!"
There is not enough space to conjure foxfire!
Your foxfire dissipates!
Okay, then.
You start memorising the spell.
You continue memorising.
Crazy Yiuf laughs, "Tonal stair green!"
You continue memorising.
You finish memorising.
Spell assigned to 'c'.
Okay, then.
Casting: Foxfire (safe; 4% risk of failure)
Confirm with . or Enter, or press ? or * to list all spells.
There is nobody nearby that the sprites are interested in.
You open the door.
Casting: Jinxbite (safe; 19% risk of failure)
Confirm with . or Enter, or press ? or * to list all spells.
You beckon some vexing sprites to accompany your attacks.
You feel your willpower being sapped. Crazy Yiuf misses you.
Casting: Jinxbite (safe; 19% risk of failure)
Confirm with . or Enter, or press ? or * to list all spells.
Flames lash Crazy Yiuf but do no damage.
Crazy Yiuf hits you with a +3 quarterstaff of chaos!
Ouch! That really hurt!
Crazy Yiuf burns you.
Casting: Scorch (safe; 4% risk of failure)
Confirm with . or Enter, or press ? or * to list all spells.
Flames lash Crazy Yiuf.
Crazy Yiuf is moderately wounded.
Crazy Yiuf's fire resistance burns away.
Crazy Yiuf hits you with a +3 quarterstaff of chaos!
Ouch! That really hurt!
You die...

##..##.....# ##..##
#.....#.# ...........#
#....# ####.##÷#
...)##.#.### ♣....♣
#.##.##.#### .<.....#.#
♣...♣♣ ##.#........
....##.#.# ♣♣.♣♣
#........... .....#.#.##
♣.♣♣ ##.####.####
..........## ♣♣.♣ #.##
#.# #.#........# ♣.♣♣
#######.# #......#.#.#
♣♣@♣ #....##.#
###..#.#.#.# #g#
####....# ###..#.#...#
... #.#### ...........#
#...# #.# ###..#.##..#
#..)# #.# .......###.#
##### #.# ###..### #.#
#.# #.(#####.########
#####.#
#.........##.##.###.....#


You could see Crazy Yiuf (combustible).

Vanquished Creatures
  An adder (D:2)
  A dart slug (D:2)
  A ball python (D:2)
  4 bats (D:2)
  3 endoplasms (D:2)
  2 giant cockroaches (D:2)
  3 goblins
  3 hobgoblins
  3 jackals (D:1)
  4 quokkas
  5 frilled lizards
  2 kobolds (D:2)
  A rat (D:2)
33 creatures vanquished.

Vanquished Creatures (others)
  173 foxfires
173 creatures vanquished.

Grand Total: 206 creatures vanquished

Notes
Turn   | Place    | Note
-------+----------+-------------------------------------------
     0 | D:1      | Arctor the Deep Elf Fire Elementalist began the quest for
                  | the Orb.
     0 | D:1      | Reached XP level 1. HP: 10/10 MP: 6/6
   468 | D:1      | Reached XP level 2. HP: 15/15 MP: 5/8
   499 | D:1      | Learned a level 2 spell: Scorch
  1287 | D:2      | Found a shimmering altar of Xom.
  1453 | D:2      | Found a runed translucent door.
  1463 | D:2      | Noticed Crazy Yiuf
  1714 | D:2      | Reached XP level 3. HP: 19/19 MP: 3/10
  2420 | D:2      | Learned a level 2 spell: Jinxbite
  2423 | D:2      | Mangled by Crazy Yiuf

Illustrated notes

Levels and vault maps discovered:
D:1:      tekkud_arrival_beachfront_property, layout_basic
D:2:      layout_loops_ring, basic_altar, uniq_crazy_yiuf_cottage

Skill      XL: |  1  2 |
---------------+-------+-----
Dodging        | 3 |  3.0
Stealth        | 3 |  3.1
Spellcasting   | |  3.6
Conjurations   | |  1.9
Fire Magic     | |  3.7

Action                     || total
---------------------------++-------
  Melee: Unarmed           ||     2
   Cast: Foxfire           ||   116
         Scorch            ||     3
         Jinxbite          ||     1
 Armour: Robe              ||    10
  Dodge: Dodged            ||    12
